[Event "ICCopen2017"]
[Site "Internet Chess Club"]
[Date "2017.03.26"]
[Round "9"]
[White "ChessOptimist"]
[Black "fletcherdavid"]
[Result "1-0"]
[ICCResult "Black forfeits on time"]
[WhiteElo "2034"]
[BlackElo "1866"]
[Opening "Bird's opening"]
[ECO "A02"]
[NIC "VO.07"]
[Time "20:41:27"]
[TimeControl "180+0"]

1. f4 Nf6 2. Nf3 g6 3. g3 Bg7 4. Bg2 O-O 5. O-O d6 6. d3 c6 7. e4 Bg4 8. h3
Qb6+ 9. Kh2 Bxf3 10. Bxf3 Nbd7 11. c3 e5 12. Qe2 Rae8 13. Be3 Qc7 14. Nd2 d5
15. f5 dxe4 16. dxe4 Rd8 17. g4 Ne8 18. Nb3 f6 19. Rad1 g5 20. h4 h6 21.
hxg5 hxg5 22. Rh1 Nb6 23. Nc5 Rxd1 24. Qxd1 Rf7 25. Qb3 Bf8 26. Ne6 Qd7 27.
Rd1 Qe7 28. Nd8 Nd6 29. Nxf7 Nxf7 30. Bxb6 axb6 31. Be2 Kg7 32. Qxb6 Nh6 33.
Qd8 Qc5 34. Rd7+ Kh8 35. Kg2 Kg8 36. Rd3 {Black forfeits on time} 1-0

[Event "ICCopen2017"]
[Site "Internet Chess Club"]
[Date "2017.03.26"]
[Round "9"]
[White "nurmi"]
[Black "Clownfish"]
[Result "1-0"]
[ICCResult "Black resigns"]
[WhiteElo "2412"]
[BlackElo "2600"]
[Opening "Caro-Kann: anti-Caro-Kann defense"]
[ECO "A11"]
[NIC "EO.64"]
[Time "20:41:32"]
[TimeControl "180+0"]

1. c4 c6 2. e4 Nf6 3. e5 Ng8 4. d4 d6 5. f4 g6 6. Nf3 Bg7 7. Nc3 Bg4 8. Be2
Nh6 9. Be3 O-O 10. Bf2 dxe5 11. Nxe5 Bxe2 12. Qxe2 Nd7 13. O-O Nxe5 14. dxe5
Qc8 15. Ne4 b6 16. Rad1 c5 17. Nc3 Qb7 18. Rd3 Rfd8 19. Rfd1 Rxd3 20. Rxd3
Nf5 21. Qd1 Bf8 22. Rd7 Qc6 23. Qd5 Qxd5 24. Nxd5 Kg7 25. Nc7 Rc8 26. Nd5
Ra8 27. Kf1 Nd4 28. Bxd4 cxd4 29. Ke2 Rc8 30. Kd3 g5 31. f5 b5 32. b3 bxc4+
33. bxc4 e6 34. fxe6 Kg6 35. exf7 Bg7 36. e6 Rf8 37. e7 Kxf7 38. exf8=Q+
Kxf8 39. Rxa7 Be5 40. Ne7 Kf7 41. Nc6+ Bc7 42. Rxc7+ {Black resigns} 1-0

[Event "ICCopen2017"]
[Site "Internet Chess Club"]
[Date "2017.03.26"]
[Round "9"]
[White "splashlee2010"]
[Black "ShiningArmor"]
[Result "0-1"]
[ICCResult "White forfeits on time"]
[WhiteElo "1243"]
[BlackElo "1534"]
[Opening "French: advance variation"]
[ECO "C02"]
[NIC "FR.03"]
[Time "20:41:39"]
[TimeControl "180+0"]

1. e4 d5 2. e5 e6 3. d4 c5 4. c3 c4 5. f4 b6 6. Nf3 Bb7 7. Be2 Nc6 8. O-O
Nge7 9. b3 b5 10. a4 a6 11. Ng5 Nf5 12. Qe1 h6 13. Nf3 Be7 14. g3 h5 15. Kg2
Qd7 16. b4 h4 17. g4 Nh6 18. h3 f6 19. Nxh4 O-O-O 20. Ng6 Rhg8 21. exf6 gxf6
22. Nxe7+ Nxe7 23. Bf3 Nhf5 24. Kh2 Nh6 25. Qh4 Rh8 26. Qxf6 Rdf8 27. Qe5
Ng6 28. Qg5 Qg7 29. axb5 axb5 30. Ra5 Nf7 31. Rxb5 Nxg5 32. fxg5 Nh4 33. Be2
Rxf1 34. Bxf1 Nf3+ 35. Kg3 Nxg5 36. h4 Ne4+ 37. Kf4 Rxh4
{White forfeits on time}
0-1

[Event "ICCopen2017"]
[Site "Internet Chess Club"]
[Date "2017.03.26"]
[Round "9"]
[White "Wilsonpalencia"]
[Black "Shadeath"]
[Result "1-0"]
[ICCResult "Black resigns"]
[WhiteElo "2542"]
[BlackElo "2741"]
[Opening "Caro-Kann: advance variation"]
[ECO "B12"]
[NIC "CK.04"]
[Time "20:41:38"]
[TimeControl "180+0"]

1. e4 c6 2. d4 d5 3. e5 Bf5 4. Nc3 e6 5. g4 Bg6 6. Nge2 c5 7. h4 h5 8. Nf4
Bh7 9. Nxh5 cxd4 10. Nb5 Nc6 11. Nxd4 Nge7 12. c3 Nxe5 13. Bg5 Qb6 14. Bb5+
N5c6 15. Qe2 a6 16. Bxc6+ bxc6 17. b4 Kd7 18. Nb3 Ng6 19. O-O f6 20. Be3 Qb5
21. Qd2 Ne5 22. f3 Bd3 23. Rf2 Bd6 24. Bc5 Bc4 25. Bxd6 Kxd6 26. Nc5 a5 27.
Qe1 axb4 28. cxb4 Ra3 29. f4 Rxh5 30. gxh5 Rg3+ 31. Kh1 Rh3+ 32. Kg2 Rxh4
33. fxe5+ fxe5 34. Rf7 e4 35. Rd7+ Ke5 36. Qc3+ Kf5 37. Rf7+ Kg4 38. Qg3+
Kxh5 39. Rxg7 Bf1+ 40. Rxf1 Qe2+ 41. Rf2 {Black resigns} 1-0

[Event "ICCopen2017"]
[Site "Internet Chess Club"]
[Date "2017.03.26"]
[Round "9"]
[White "Sc6"]
[Black "Nc3-4Me"]
[Result "1-0"]
[ICCResult "Black forfeits on time"]
[WhiteElo "1681"]
[BlackElo "1791"]
[Opening "KP: Nimzovich defense"]
[ECO "B00"]
[NIC "VO.04"]
[Time "20:41:10"]
[TimeControl "180+0"]

1. e4 Nc6 2. d4 e5 3. d5 Nce7 4. c4 Ng6 5. Nc3 Nf6 6. Nf3 Bb4 7. Bd3 Bxc3+
8. bxc3 d6 9. O-O O-O 10. Bg5 h6 11. Bd2 Nh5 12. Nd4 Nhf4 13. Bxf4 exd4 14.
Bd2 dxc3 15. Bxc3 Qg5 16. Bd2 Qh4 17. f4 Bg4 18. Qc2 Rae8 19. Rae1 Qh5 20.
e5 dxe5 21. f5 Nf4 22. Bxf4 exf4 23. Rxe8 Rxe8 24. Rxf4 Re1+ 25. Rf1 Qh4 26.
g3 Rxf1+ 27. Bxf1 Qf6 28. Bd3 Qa1+ 29. Kg2 Qd4 30. h3 Bh5 31. g4 Bxg4 32.
hxg4 Qxg4+ 33. Kh1 Qh4+ 34. Kg1 Qe1+ 35. Kg2 h5 36. Qe2 Qh4 37. Qe8+ Kh7 38.
f6+ Kh6 39. Qh8+ Kg5 40. Qxg7+ Kf4 41. Qh6+ Ke5 42. Qe3+ Kxf6 43. Qf3+ Ke7
44. Qg3 Qd4 45. Qxc7+ Kf6 46. Qg3 Qb2+ 47. Kh3 Qd4 48. Qf3+ Ke7 49. Qe2+ Kd6
50. Qe4 Qb2 51. Qf4+ Kc5 52. Qe3+ Kb4 53. Qe2 Qf6 54. Qd2+ Kc5 55. Qe3+ Kd6
56. Qg3+ Kd7 57. Qf3 {Black forfeits on time} 1-0

[Event "ICCopen2017"]
[Site "Internet Chess Club"]
[Date "2017.03.26"]
[Round "9"]
[White "auket40"]
[Black "rayhem"]
[Result "0-1"]
[ICCResult "White forfeits on time"]
[WhiteElo "1612"]
[BlackElo "1406"]
[Opening "Queen's pawn game, Darooha variation "]
[ECO "D02"]
[NIC "QP.08"]
[Time "20:42:07"]
[TimeControl "180+0"]

1. d4 d5 2. Nf3 Nf6 3. Ne5 Nc6 4. Nd3 Nxd4 5. c3 Nf5 6. g3 Qd6 7. Bg2 Ng4 8.
Qa4+ Bd7 9. Qxg4 Ne3 10. Qf3 Nc2+ 11. Kd1 Nxa1 12. Nd2 Ba4+ 13. b3 Nxb3 14.
axb3 Bc6 15. Qg4 h5 16. Qd4 e5 17. Qe3 f6 18. Nb4 g6 19. Nxc6 bxc6 20. Nb1
Bh6 {White forfeits on time} 0-1

[Event "ICCopen2017"]
[Site "Internet Chess Club"]
[Date "2017.03.26"]
[Round "9"]
[White "leole51"]
[Black "Chaos23"]
[Result "1-0"]
[ICCResult "Black checkmated"]
[WhiteElo "1703"]
[BlackElo "1820"]
[Opening "Robatsch (modern) defense"]
[ECO "B06"]
[NIC "KF.05"]
[Time "20:42:09"]
[TimeControl "180+0"]

1. e4 g6 2. d4 Bg7 3. Nc3 d6 4. Be3 a6 5. h4 h5 6. Nh3 b5 7. Ng5 b4 8. Ne2
Bb7 9. f3 Nf6 10. Qd2 d5 11. Qxb4 Bc6 12. e5 Nfd7 13. e6 O-O 14. exd7 Nxd7
15. g4 e5 16. gxh5 gxh5 17. Rg1 Qf6 18. O-O-O Rab8 19. Qc3 e4 20. Nf4 exf3
21. Nxh5 Qe7 22. Nxf3 Rb6 23. Rxg7+ Kh8 24. Bg5 Qe6 25. Ne5 Nxe5 26. dxe5
Qg4 27. Bf6 Qxh5 28. Rg5+ Kh7 29. Rxh5+ Kg6 30. Qg3+ Kxh5 31. Qg5#
{Black checkmated}
1-0

[Event "ICCopen2017"]
[Site "Internet Chess Club"]
[Date "2017.03.26"]
[Round "9"]
[White "BoldPlan"]
[Black "giovana64"]
[Result "1-0"]
[ICCResult "Black resigns"]
[WhiteElo "1847"]
[BlackElo "1614"]
[Opening "Robatsch (modern) defense"]
[ECO "B06"]
[NIC "KF.06"]
[Time "20:41:55"]
[TimeControl "180+0"]

1. e4 g6 2. f4 Bg7 3. Nf3 c5 4. c3 Nc6 5. d3 b5 6. Na3 Rb8 7. Nc2 a5 8. g3
d6 9. Bg2 Bd7 10. O-O Nf6 11. Qe2 O-O 12. h3 b4 13. c4 e6 14. b3 Ne8 15. Rb1
d5 16. cxd5 exd5 17. exd5 Nd4 18. Ncxd4 cxd4 19. Bb2 Qb6 20. Qf2 Nd6 21. Ne5
Bb5 22. Bxd4 Qa6 23. Rfd1 Nf5 24. Bc5 Rfd8 25. d4 Bd3 26. Nxd3 Qb5 27. Ne5
Rbc8 28. Nc6 Rd7 29. Bf1 Qb7 30. Bc4 Re8 31. Re1 Rxe1+ 32. Rxe1 Qc8 33. g4
Nd6 34. Bxd6 Rxd6 35. Ne7+ {Black resigns} 1-0

[Event "ICCopen2017"]
[Site "Internet Chess Club"]
[Date "2017.03.26"]
[Round "9"]
[White "primerpaso"]
[Black "egyptiantiger"]
[Result "1-0"]
[ICCResult "Black forfeits on time"]
[WhiteElo "1634"]
[BlackElo "1703"]
[Opening "English: Sicilian reversed"]
[ECO "A25"]
[NIC "EO.20"]
[Time "20:41:24"]
[TimeControl "180+0"]

1. c4 e5 2. Nc3 Nc6 3. g3 Bc5 4. Bg2 d6 5. e3 a6 6. Nge2 Ba7 7. O-O Nge7 8.
b3 O-O 9. Bb2 f5 10. d4 Kh8 11. Nd5 Ng6 12. dxe5 Ncxe5 13. Nef4 c6 14. Nxg6+
Nxg6 15. Nf4 Nxf4 16. gxf4 Qh4 17. Kh1 Rd8 18. Bf3 Be6 19. Rg1 Rd7 20. Rg3
Rg8 21. Qg1 Rf7 22. Qg2 d5 23. cxd5 cxd5 24. Rg1 Qe7 25. Rh3 Rd8 26. Bh5 d4
27. Bxf7 Qxf7 28. exd4 Bxd4 29. Rd3 Bd5 30. f3 Bxb2 31. Qxb2 Rg8 32. Rgd1
Bc6 33. Rd8 Qh5 34. Rxg8+ Kxg8 35. Rd8+ Kf7 36. Qf2 Bxf3+ 37. Kg1 Qg4+ 38.
Qg3 Qxg3+ 39. hxg3 Bc6 40. Kf2 Kf6 41. Ke3 g5 42. fxg5+ Kxg5 43. Rg8+ Kf6
44. Rg7 h5 45. Kf4 {Black forfeits on time} 1-0

[Event "ICCopen2017"]
[Site "Internet Chess Club"]
[Date "2017.03.26"]
[Round "9"]
[White "AnthonyRaelund"]
[Black "zenit"]
[Result "0-1"]
[ICCResult "White checkmated"]
[WhiteElo "1486"]
[BlackElo "1916"]
[Opening "English opening"]
[ECO "A20"]
[NIC "EO.24"]
[Time "20:41:33"]
[TimeControl "180+0"]

1. c4 e5 2. g3 Nf6 3. Bg2 d5 4. cxd5 Nxd5 5. Nf3 Nc6 6. O-O Be7 7. d3 O-O 8.
a3 Re8 9. b4 Bf8 10. Bb2 Nb6 11. Nbd2 a5 12. b5 Nd4 13. Nxd4 exd4 14. Nf3
Bg4 15. h3 Bh5 16. g4 Bg6 17. Nxd4 Ra7 18. Nf3 a4 19. Rc1 Ra5 20. Nd4 Qc8
21. Bc3 Ra7 22. Bb2 Ra5 23. Bc3 Ra7 24. Bb2 Qd7 25. Qc2 Nd5 26. Bxd5 Qxd5
27. e4 Qg5 28. Qxc7 f6 29. b6 Ra5 30. Qxb7 Qh4 31. Nf5 Qxh3 32. f3 Qg3+ 33.
Kh1 Qh3+ 34. Kg1 h5 35. Bc3 Rc5 36. Bb4 Rxc1 37. Rxc1 Bxf5 38. exf5 Qg3+ 39.
Kh1 Qh3+ 40. Kg1 hxg4 41. Bxf8 Rxf8 42. Qd5+ Kh7 43. fxg4 Qxg4+ 44. Kf2 Qh4+
45. Ke2 Qg4+ 46. Kd2 Qg5+ 47. Kc2 Rc8+ 48. Kb2 Qxc1+ 49. Ka2 Rc2#
{White checkmated}
0-1

[Event "ICCopen2017"]
[Site "Internet Chess Club"]
[Date "2017.03.26"]
[Round "9"]
[White "wolfandcheapgin"]
[Black "qpr"]
[Result "0-1"]
[ICCResult "White forfeits on time"]
[WhiteElo "1280"]
[BlackElo "1630"]
[Opening "QGD semi-Slav"]
[ECO "D43"]
[NIC "SL.06"]
[Time "20:41:13"]
[TimeControl "180+0"]

1. d4 d5 2. c4 c6 3. Nc3 e6 4. Nf3 Nf6 5. g3 Nbd7 6. Bg2 Be7 7. O-O O-O 8.
Re1 b6 9. e4 dxe4 10. Nxe4 Nxe4 11. Rxe4 Nf6 12. Re1 Bb7 13. Ne5 Rc8 14. Bf4
Nd7 15. Nxd7 Qxd7 16. d5 cxd5 17. cxd5 exd5 18. Rxe7 Qxe7 19. Bxd5 Bxd5 20.
Qxd5 Rfd8 21. Qe5 Qxe5 22. Bxe5 Rd2 23. Bc3 Rc2 24. Rd1 h6 25. Rd7 Ra8 26.
Rd4 b5 27. Rg4 g6 28. Rb4 a6 29. Rd4 Rb8 30. Rd6 a5 31. Ra6 a4 32. Rd6 Re2
33. Kf1 Re4 34. Rd4 Rxd4 35. Bxd4 f5 36. b3 Kf7 37. b4 Ke6 38. a3 Kd5 39.
Bc5 Re8 40. Kg2 Kc4 41. Kf3 Kb3 42. Be3 Kxa3 43. Bxh6 Kxb4 44. Bd2+ Kb3 45.
h4 a3 46. g4 fxg4+ 47. Kxg4 a2 48. Kg5 a1=Q 49. Kxg6 Qa6+ 50. Kg5 Qe6
{White forfeits on time}
0-1

[Event "ICCopen2017"]
[Site "Internet Chess Club"]
[Date "2017.03.26"]
[Round "9"]
[White "Sophiste"]
[Black "lestri"]
[Result "1-0"]
[ICCResult "Black resigns"]
[WhiteElo "3117"]
[BlackElo "2559"]
[Opening "Réti opening"]
[ECO "A04"]
[NIC "QP.10"]
[Time "20:42:42"]
[TimeControl "180+0"]

1. Nf3 c5 2. b3 d6 3. Bb2 e5 4. d3 Nc6 5. g3 g6 6. Bg2 Bg7 7. O-O Nge7 8. c4
O-O 9. Nc3 h6 10. e3 Be6 11. Nd2 d5 12. cxd5 Nxd5 13. Nc4 Ndb4 14. Ne4 Nxd3
15. Ba3 Ncb4 16. Nxc5 Bxc4 17. bxc4 Nxc5 18. Bxb4 Rc8 19. Qg4 Qe7 20. Bd5
Kh7 21. Rad1 f5 22. Qe2 e4 23. h4 h5 24. Rb1 b6 25. a4 Qe5 26. a5 Rf6 27.
Qd2 Rd6 28. Ba3 Qc3 29. Bb4 Qxd2 30. Bxd2 Nd3 31. Rb5 bxa5 32. Bxa5 Ne5 33.
Rc1 Kh6 34. Kg2 Nf3 35. Bb7 Rb8 36. c5 Re6 37. c6 Be5 38. c7 Bxc7 39. Bxc7
Re7 40. Bxb8 {Black resigns} 1-0

[Event "ICCopen2017"]
[Site "Internet Chess Club"]
[Date "2017.03.26"]
[Round "9"]
[White "JohannesHaugish"]
[Black "BUHO64"]
[Result "1-0"]
[ICCResult "Black checkmated"]
[WhiteElo "1917"]
[BlackElo "2019"]
[Opening "Sicilian: Canal-Sokolsky attack, 3...Bd7"]
[ECO "B52"]
[NIC "SI.01"]
[Time "20:41:29"]
[TimeControl "180+0"]

1. e4 c5 2. Nf3 d6 3. Bb5+ Bd7 4. Bxd7+ Qxd7 5. d4 cxd4 6. Qxd4 Nf6 7. O-O
Nc6 8. Qd3 e6 9. c4 Be7 10. Nc3 O-O 11. h3 Rac8 12. b3 Rfd8 13. Bg5 Qc7 14.
Rac1 h6 15. Bh4 Ne5 16. Nxe5 dxe5 17. Qe2 g5 18. Bg3 a6 19. h4 Nh7 20. Qh5
Kg7 21. hxg5 hxg5 22. Rfd1 Nf8 23. Rxd8 Rxd8 24. Rd1 Ng6 25. Rxd8 Qxd8 26.
Qd1 Qa5 27. Qc2 b5 28. cxb5 axb5 29. a4 bxa4 30. bxa4 Bb4 31. Nb5 Qb6 32.
Qc7 Qd4 33. Nxd4 exd4 34. Be5+ Kg8 35. Bxd4 Nf4 36. Qc8+ Bf8 37. Bc5 Ng6 38.
Bxf8 Nxf8 39. a5 Kg7 40. Qxf8+ Kxf8 41. a6 Kg7 42. a7 Kg6 43. a8=Q e5 44. f3
f6 45. Qd5 Kh6 46. Qe6 Kg6 47. Kh2 Kg7 48. Kg3 Kg6 49. Kg4 Kh7 50. Kf5 Kh8
51. Qe7 g4 52. Kg6 gxf3 53. Qg7# {Black checkmated} 1-0

[Event "ICCopen2017"]
[Site "Internet Chess Club"]
[Date "2017.03.26"]
[Round "9"]
[White "zandoli"]
[Black "CristianS"]
[Result "1-0"]
[ICCResult "Black resigns"]
[WhiteElo "1980"]
[BlackElo "2056"]
[Opening "King's Indian: fianchetto, Panno variation"]
[ECO "E63"]
[NIC "KI.71"]
[Time "20:42:25"]
[TimeControl "180+0"]

1. Nf3 Nf6 2. d4 g6 3. g3 Bg7 4. Bg2 O-O 5. O-O d6 6. c4 Nc6 7. Nc3 a6 8. e3
e5 9. b3 Re8 10. Bb2 exd4 11. exd4 Bf5 12. Re1 Qd7 13. Qd2 Bh3 14. Bh1 Qg4
15. Nd5 Nxd5 16. cxd5 Ne7 17. Nh4 Qd7 18. a4 Bf6 19. Qh6 Bg7 20. Qd2 Nf5 21.
Nxf5 Qxf5 22. Rxe8+ Rxe8 23. Re1 Rxe1+ 24. Qxe1 Kf8 25. Qc1 Qd3 26. Bg2 Bxg2
27. Kxg2 Qe4+ 28. Kg1 Bxd4 29. Bxd4 Qxd4 30. Qxc7 Qd1+ 31. Kg2 Qxd5+ 32. f3
Qc6 33. Qd8+ Kg7 34. h4 h5 35. a5 Qc2+ 36. Kh3 Qf5+ 37. Kg2 Qxa5 38. Qxa5
{Black resigns}
1-0

[Event "ICCopen2017"]
[Site "Internet Chess Club"]
[Date "2017.03.26"]
[Round "9"]
[White "JUGGERNOT"]
[Black "croder"]
[Result "0-1"]
[ICCResult "White checkmated"]
[WhiteElo "1812"]
[BlackElo "1569"]
[Opening "Bird's opening"]
[ECO "A02"]
[NIC "VO.07"]
[Time "20:42:28"]
[TimeControl "180+0"]

1. f4 d6 2. Nf3 e6 3. e4 Nc6 4. Bc4 f6 5. d3 Bd7 6. O-O Qe7 7. Nc3 O-O-O 8.
a3 Kb8 9. b4 h6 10. b5 Na5 11. Ba2 b6 12. a4 g5 13. Bd2 g4 14. Ne1 Nb7 15.
Ne2 h5 16. f5 e5 17. Bd5 Nh6 18. c4 Be8 19. a5 Bf7 20. Bxb7 Kxb7 21. axb6
cxb6 22. Qa4 Kb8 23. Nc2 Rd7 24. Nb4 Rc7 25. Nc6+ Rxc6 26. bxc6 Qc7 27. Nc1
Be8 28. Qa2 Bxc6 29. Nb3 h4 30. Be3 Nf7 31. Rfb1 Nd8 32. Na5 Kc8 33. Nxc6
Nxc6 34. Qa6+ Kd7 35. Bxb6 axb6 36. Rxb6 Nd8 37. Rab1 Qc5+ 38. Kf1 Be7 39.
Qa7+ Ke8 40. Qa4+ Kf7 41. Qd7 Qd4 42. Rd1 Qxb6 43. Qa4 g3 44. hxg3 hxg3 45.
Qa2 Rh1+ 46. Ke2 Qf2# {White checkmated} 0-1

[Event "ICCopen2017"]
[Site "Internet Chess Club"]
[Date "2017.03.26"]
[Round "9"]
[White "PITCHUS"]
[Black "FGM21"]
[Result "0-1"]
[ICCResult "White forfeits on time"]
[WhiteElo "1729"]
[BlackElo "1945"]
[Opening "English: symmetrical, main line with d4"]
[ECO "A39"]
[NIC "EO.26"]
[Time "20:41:18"]
[TimeControl "180+0"]

1. Nf3 Nf6 2. g3 g6 3. Bg2 Bg7 4. O-O O-O 5. c4 c5 6. Nc3 Nc6 7. d4 cxd4 8.
Nxd4 Qa5 9. e3 Ne5 10. Qe2 d6 11. Bd2 Qc7 12. b3 Bg4 13. f3 Bd7 14. Rac1 e6
15. f4 Nc6 16. Ncb5 Qb8 17. Rfd1 e5 18. Nxc6 bxc6 19. Nc3 Re8 20. fxe5 Rxe5
21. h3 d5 22. cxd5 Nxd5 23. Nxd5 cxd5 24. Bc3 Rg5 25. Bxg7 Kxg7 26. g4 h5
27. Qb2+ Kh7 28. Qf6 Qe5 29. Qxe5 Rxe5 30. Rxd5 Rxd5 31. Bxd5 Rd8 32. Bxf7
hxg4 33. hxg4 Kg7 34. Bc4 Bxg4 35. Rc2 Bf5 36. Rg2 Kf6 37. Rf2 Rd1+ 38. Kh2
Ke5 39. a4 g5 40. Rg2 g4 41. Kg3 Rc1 42. e4 Kxe4 43. Re2+ Kd4 44. Rf2 Rc3+
45. Kh4 Bd7 46. Kg5 Bxa4 47. Rf4+ Kc5 48. bxa4 Rxc4 49. Rf5+ Kb4 50. a5 Rc5
{White forfeits on time}
0-1

[Event "ICCopen2017"]
[Site "Internet Chess Club"]
[Date "2017.03.26"]
[Round "9"]
[White "DukeBishop"]
[Black "dynamo"]
[Result "0-1"]
[ICCResult "White forfeits on time"]
[WhiteElo "1549"]
[BlackElo "1742"]
[Opening "Sicilian: Smith-Morra gambit"]
[ECO "B32"]
[NIC "SI.48"]
[Time "20:41:17"]
[TimeControl "180+0"]

1. e4 c5 2. d4 cxd4 3. Nf3 Nc6 4. c3 dxc3 5. Nxc3 d6 6. Bc4 e6 7. O-O Nf6 8.
Qe2 a6 9. Rd1 Qc7 10. Bg5 Be7 11. Rac1 Bd7 12. Bb3 Rc8 13. Nd5 exd5 14. exd5
Kf8 15. Re1 Bg4 16. dxc6 bxc6 17. Rxc6 Qd8 18. Bxf6 Bxf6 19. Qc4 Be6 20.
Rxe6 fxe6 21. Qxe6 Rc7 22. g4 Qe7 23. Qxe7+ Rxe7 24. Rc8+ Re8 25. Rc6 Re7
26. Kg2 Re2 27. g5 Rxf2+ 28. Kxf2 Be7 29. g6 Ke8 {White forfeits on time}
0-1

[Event "ICCopen2017"]
[Site "Internet Chess Club"]
[Date "2017.03.26"]
[Round "9"]
[White "Discoverchess"]
[Black "schiele"]
[Result "1-0"]
[ICCResult "Black resigns"]
[WhiteElo "2674"]
[BlackElo "1968"]
[Opening "KP: Patzer opening"]
[ECO "C20"]
[NIC "KP.10"]
[Time "20:42:30"]
[TimeControl "180+0"]

1. e4 e5 2. Qh5 Nc6 3. Bc4 g6 4. Qf3 Qf6 5. Qb3 Bc5 6. Nf3 d6 7. c3 h6 8. d3
Nge7 9. a4 g5 10. a5 g4 11. a6 gxf3 12. g3 bxa6 13. Nd2 Be6 14. Qa4 Bxc4 15.
Nxc4 O-O 16. Qxa6 d5 17. Nd2 Rad8 18. exd5 Rxd5 19. Ne4 Qg6 20. h4 h5 21.
Bg5 f6 22. Bd2 Bb6 23. Qa2 Kh7 24. Qc4 Rfd8 25. Bg5 fxg5 26. hxg5 Rxd3 27.
Nf6+ Kg7 28. Nxh5+ Kf8 29. Qa4 Nd4 30. Nf6 Qxg5 31. Nh7+ Kg7 32. Nxg5 Rd2
33. Kxd2 Nb3+ 34. Kc2 Nc5 35. Qg4 {Black resigns} 1-0

[Event "ICCopen2017"]
[Site "Internet Chess Club"]
[Date "2017.03.26"]
[Round "9"]
[White "Radar777"]
[Black "starfiasch"]
[Result "0-1"]
[ICCResult "White forfeits on time"]
[WhiteElo "1362"]
[BlackElo "1534"]
[Opening "Queen's pawn game"]
[ECO "A45"]
[NIC "QP.07"]
[Time "20:41:37"]
[TimeControl "180+0"]

1. d4 Nf6 2. e3 g6 3. Bd3 Bg7 4. Nd2 O-O 5. f4 d6 6. Ngf3 Nc6 7. c3 e5 8.
Qe2 exf4 9. e4 Re8 10. Nf1 Bh6 11. g3 Nxe4 12. Bxe4 d5 13. Bxf4 Bxf4 14.
gxf4 Rxe4 15. Ne3 Qe8 16. Kd2 Bg4 17. Rae1 Bxf3 18. Qxf3 Qe6 19. Ng4 f5 20.
Ne5 Nxe5 21. fxe5 c5 22. Rxe4 dxe4 23. Qe3 Rd8 24. Rd1 Qxe5 25. Kc2 cxd4 26.
Rxd4 Rxd4 27. cxd4 Qxh2+ 28. Kb3 Qc7 29. d5 Qe5 30. Qc5 Kg7 31. a4 e3 32.
Qxa7 e2 {White forfeits on time} 0-1

[Event "ICCopen2017"]
[Site "Internet Chess Club"]
[Date "2017.03.26"]
[Round "9"]
[White "EngHany"]
[Black "hecan58"]
[Result "0-1"]
[ICCResult "White checkmated"]
[WhiteElo "1808"]
[BlackElo "1650"]
[Opening "Budapest: Rubinstein variation"]
[ECO "A52"]
[NIC "QG.01"]
[Time "20:41:09"]
[TimeControl "180+0"]

1. d4 Nf6 2. c4 e5 3. dxe5 Ng4 4. Bf4 g5 5. Bd2 Nc6 6. Nf3 Rg8 7. Bc3 Bg7 8.
Qc2 Ngxe5 9. Qxh7 Kf8 10. Nbd2 d6 11. e3 Qf6 12. Nxe5 Nxe5 13. Ne4 Qe7 14.
Qh5 f6 15. Qd1 Be6 16. Nd2 Kf7 17. Be2 Rge8 18. Bh5+ Kg8 19. Bxe8 Rxe8 20.
Qe2 Bf5 21. e4 Bg4 22. f3 Be6 23. O-O Ng6 24. Qe3 b6 25. Rad1 Qf7 26. b3 Nf4
27. Rf2 Qh5 28. Bd4 Kf7 29. Qc3 Rh8 30. Nf1 Qh4 31. b4 g4 32. fxg4 Qxg4 33.
Ne3 Ne2+ 34. Kf1 Nxc3 35. Nxg4 Nxd1 36. Rf4 Bxg4 37. Rxg4 c5 38. bxc5 dxc5
39. Ba1 Ne3+ 40. Kg1 Nxg4 41. h3 Ne5 42. Bxe5 fxe5 43. Kh2 Rd8 44. Kg3 Rd2
45. Kg4 Rxa2 46. Kf5 Ra4 47. Kg4 Rxc4 48. Kf3 Rd4 49. g4 a5 50. g5 a4 51.
g6+ Kxg6 52. h4 Rxe4 53. h5+ Kxh5 54. Kxe4 a3 55. Kf5 a2 56. Ke6 a1=Q 57.
Kf7 Qd4 58. Kg8 e4 59. Kh7 Qd6 60. Kg8 Qd7 61. Kh7 Bf6+ 62. Kg8 Qg7#
{White checkmated}
0-1

[Event "ICCopen2017"]
[Site "Internet Chess Club"]
[Date "2017.03.26"]
[Round "9"]
[White "Ataraxia"]
[Black "soyleyenda"]
[Result "1-0"]
[ICCResult "Black forfeits on time"]
[WhiteElo "1895"]
[BlackElo "1646"]
[Opening "King's Indian: Andersson variation"]
[ECO "E92"]
[NIC "KI.18"]
[Time "20:41:49"]
[TimeControl "180+0"]

1. d4 Nf6 2. c4 g6 3. Nc3 Bg7 4. e4 d6 5. Nf3 O-O 6. Be2 e5 7. dxe5 dxe5 8.
Qxd8 Rxd8 9. Bg5 Re8 10. Nd5 Nxd5 11. cxd5 c6 12. Bc4 Nd7 13. Rc1 Nb6 14.
Bb3 cxd5 15. exd5 e4 16. Nd2 a5 17. Be3 Nd7 18. Ba4 Rd8 19. b3 Nf6 20. O-O
Rxd5 21. Nc4 Rd8 22. Nb6 Rb8 23. Bf4 Bf5 24. Bxb8 Rxb8 25. h3 h5 26. Rc7 Be6
27. Bd7 Nd5 28. Nxd5 Bxd5 29. Rd1 Be5 30. Rc5 Bxb3 31. axb3 Bg7 32. Rc7 Be5
33. Rc8+ Rxc8 34. Bxc8 b6 35. Ba6 Bc3 36. Rd7 Kf8 37. Bc4 f5 38. Rb7 Bd4 39.
Kf1 Bc5 40. Ke2 g5 41. f3 exf3+ 42. Kxf3 f4 43. Rh7 h4 44. Rh5 Be7 45. Rh7
Ke8 46. Ke4 Kd7 47. Kd5 Kd8 48. Ke6 Bc5 49. Bb5 Kc8 50. Kd5 Kd8 51. Bd7 Kc7
52. Ke6 Kb7 53. Bb5+ Kc8 54. Kd5 Kd8 55. Kc6 {Black forfeits on time} 1-0

[Event "ICCopen2017"]
[Site "Internet Chess Club"]
[Date "2017.03.26"]
[Round "9"]
[White "M-Ezat"]
[Black "arnav311004"]
[Result "0-1"]
[ICCResult "White forfeits on time"]
[WhiteElo "2172"]
[BlackElo "1781"]
[Opening "King's Indian: Averbakh system"]
[ECO "E73"]
[NIC "KI.26"]
[Time "20:41:48"]
[TimeControl "180+0"]

1. d4 Nf6 2. c4 g6 3. Nc3 d6 4. e4 Bg7 5. Be2 O-O 6. Bg5 h6 7. Be3 e5 8. d5
c6 9. Qd2 Kh7 10. h4 h5 11. f3 a6 12. a4 cxd5 13. cxd5 Nbd7 14. Nh3 Nc5 15.
Qc2 Bxh3 16. Rxh3 Rc8 17. Rh1 Qc7 18. Rc1 Qa5 19. Bd2 Qb6 20. g4 Nb3 21. Rd1
Nxd2 22. Qxd2 Qb4 23. g5 Nd7 24. Kf2 Nc5 25. Kg2 Nb3 26. Qe3 Nd4 27. Rd2 Rc7
28. Rf1 Kg8 29. f4 exf4 30. Qxf4 Be5 31. Qe3 Nb3 32. Rc2 Rfc8 33. Qf2 Nc5
34. Qf3 Nxa4 35. Rfc1 Nxb2 36. Na2 Qa5 37. Rxc7 Rxc7 38. Rxc7 Qxc7 39. Qb3
b5 40. Nb4 Qc5 41. Nxa6 Qd4 42. Qf3 Nc4 43. Nb4 Ne3+ 44. Kh1 Qxb4 45. Qxe3
Qe1+ 46. Kg2 Qxh4 47. Bxb5 Kg7 48. Be2 Bf4 49. Qc3+ Be5 50. Qe3 Kh7 51. Qf3
Qxg5+ 52. Kh3 Kg7 53. Qg2 Qe3+ 54. Qf3 Qxf3+ 55. Bxf3 Kf6 56. Kg2 Bf4 57.
Kf1 Ke5 58. Ke2 h4 {White forfeits on time} 0-1

[Event "ICCopen2017"]
[Site "Internet Chess Club"]
[Date "2017.03.26"]
[Round "9"]
[White "Eliezer"]
[Black "volver"]
[Result "1-0"]
[ICCResult "Black forfeits on time"]
[WhiteElo "1530"]
[BlackElo "1430"]
[Opening "Ruy Lopez: exchange variation"]
[ECO "C68"]
[NIC "RL.08"]
[Time "20:41:16"]
[TimeControl "180+0"]

1. e4 e5 2. Nf3 Nc6 3. Bb5 a6 4. Bxc6 dxc6 5. d4 exd4 6. Qxd4 Qxd4 7. Nxd4
c5 8. Nb3 b6 9. Nc3 Bd6 10. Be3 f6 11. O-O-O Ne7 12. f3 Be6 13. g3 O-O 14.
Bf4 Rfd8 15. Bxd6 cxd6 16. f4 Bf7 17. Nd5 Nxd5 18. exd5 Re8 19. c4 Re4 20.
Nd2 Re2 21. b3 Rae8 22. Nf3 Rxa2 23. Rhe1 Ree2 24. Rxe2 Rxe2 25. Re1 Rxe1+
26. Nxe1 Kf8 27. Kb2 h5 28. Kc3 Ke7 29. Nf3 b5 30. Nh4 g6 31. Nf3 a5 32. Nd2
b4+ 33. Kb2 Be8 34. Nf3 a4 35. bxa4 Bxa4 36. Nd2 Bd7 37. Ne4 Bf5 38. Nf2 g5
39. Kb3 gxf4 40. gxf4 Bg4 41. h3 Be2 42. h4 Kf7 43. Ne4 Ke7 44. Ng3 Bd1+ 45.
Kb2 Kf7 46. Nf5 Be2 47. Nxd6+ Kf8 48. Nb7 Bxc4 49. Nxc5 Bxd5 50. Nd3 b3 51.
Nc5 Bg8 52. Nxb3 Ke7 53. Nd4 Kd6 54. Kc3 Kd5 55. Kd3 Bh7+ 56. Ke3 Bg6 57. f5
{Black forfeits on time}
1-0